 Dungeon Crawl Stone Soup version 0.19.5 (console) character file.

91 Grinner the Slasher (level 4, 0/37 HPs)
             Began as a Minotaur Gladiator on Mar 2, 2017.
             Slain by a gnoll
             ... wielding a +0 spear
              (6 damage)
             ... on level 2 of the Dungeon.
             The game lasted 00:03:14 (2058 turns).

Grinner the Slasher (Minotaur Gladiator)            Turns: 2058, Time: 00:03:16

Health: 0/37       AC:  5    Str: 19    XL:     4   Next: 34%
Magic:  3/3        EV: 13    Int:  5    God:
Gold:   58         SH:  0    Dex: 12    Spells: 0 memorised, 3 levels left

rFire  . . .     SeeInvis .     a - +0 long sword
rCold  . . .     Gourm    .     b - +0 leather armour
rNeg   . . .     Faith    .     (no shield)
rPois  .         Spirit   .     c - +0 hat
rElec  .         Reflect  .     m - +0 cloak
rCorr  .         Harm     .     (no gloves)
MR     .....                    k - +0 pair of boots
Stlth  +.........               (no amulet)
                                (no ring)
                                (no ring)

@: no status effects
A: retaliatory headbutt, horns 2
a: no special abilities


You were on level 2 of the Dungeon.
You were hungry.

You visited 1 branch of the dungeon, and saw 2 of its levels.

You collected 58 gold pieces.

Inventory:

Hand Weapons
 a - a +0 long sword (weapon)
Missiles
 d - 3 throwing nets (quivered)
Armour
 b - a +0 leather armour (worn)
 c - a +0 hat (worn)
 k - a +0 pair of boots (worn)
 m - a +0 cloak (worn)
Scrolls
 e - 2 scrolls of random uselessness {unknown}
 i - 5 scrolls of identify {unknown}
 n - a scroll of fear {unknown}
 o - a scroll of remove curse {unknown}
Potions
 g - 3 potions of heal wounds {unknown}
 j - 2 potions of cure mutation {unknown}
 q - a potion of curing {unknown}
 r - a potion of might {unknown}
 s - a potion of mutation {unknown}
 t - 2 potions of agility {unknown}
Comestibles
 f - a bread ration
 h - 2 beef jerkies
 l - a royal jelly
 p - a meat ration


   Skills:
 - Level 2.4 Fighting
 + Level 5.2 Long Blades
 - Level 2.0 Throwing
 + Level 4.5 Dodging


You had 3 spell levels left.
You didn't know any spells.

Dungeon Overview and Level Annotations

Branches:
Dungeon (2/15)

Altars:
The Shining One


Innate Abilities, Weirdness & Mutations

You reflexively headbutt those who attack you in melee.
You have a pair of horns on your head.


Message History

The gnoll hits you from afar with a spear!
The gnoll closely misses you.
You riposte.
You hit the gnoll. Your headbutt misses the gnoll.
The gnoll is moderately wounded.
The gnoll misses you.
You slash the gnoll!
You kill the gnoll!
The gnoll completely misses you. The gnoll barely misses you.
The gnoll hits you with a spear.
You see here a spear.
You hit the gnoll. Your headbutt misses the gnoll.
The gnoll is lightly wounded.
The gnoll hits you with a halberd!
* * * LOW HITPOINT WARNING * * *
The gnoll hits you with a spear.
* * * LOW HITPOINT WARNING * * *
You are too injured to fight recklessly!
The gnoll misses you.
The gnoll hits you from afar with a spear.
You die...

##.# ##.#.....#.#.............
##.#######..##.###.#.............
.................#.#.............
)..########..#.#.#.#...######....
...................##### #....
...............#.### #....
######.......#.#.######### #....
#...................# #....
#..........@........# #....
#..........)........# #####
########>.gg........#
#............# #####
#............# #...#
#............# #...#
##..............
####...#######>#.#######....
...............#.## ....


You could see 2 gnolls.

Vanquished Creatures
  A gnoll (D:2)
  3 adders (D:2)
  An ooze (D:2)
  3 worms (D:2)
  2 dart slugs (D:1)
  A leopard gecko (D:1)
  3 goblins (D:1)
  7 hobgoblins
  3 jackals (D:1)
  5 bats
  3 frilled lizards
  4 kobolds
  6 rats (D:1)
42 creatures vanquished.

Notes
Turn   | Place    | Note
-------+----------+-------------------------------------------
     0 | D:1      | Grinner the Minotaur Gladiator began the quest for the Orb.
     0 | D:1      | Reached XP level 1. HP: 18/18 MP: 0/0
   226 | D:1      | Reached XP level 2. HP: 14/25 MP: 1/1
   382 | D:1      | Reached skill level 4 in Long Blades
   396 | D:1      | Found a glowing golden altar of the Shining One.
   759 | D:1      | Reached XP level 3. HP: 27/30 MP: 2/2
  1550 | D:2      | Found a faded altar of an unknown god.
  1844 | D:2      | Reached skill level 5 in Long Blades
  1943 | D:2      | Reached XP level 4. HP: 37/37 MP: 3/3
  2058 | D:2      | Slain by a gnoll

Skill      XL: |  1  2  3 |
---------------+----------+-----
Long Blades    | 4 5 |  5.2
Dodging        | 4 |  4.5
Fighting       | |  2.4
Throwing       | |  2.0

Action                   |  1- 3 |  4- 6 || total
-------------------------+-------+-------++-------
Melee: Long sword        |    64 |     9 ||    73
       Headbutt          |     6 |     1 ||     7
  Eat: Chunk             |     2 |     1 ||     3
Armor: Leather armour    |    15 |       ||    15
Dodge: Dodged            |    54 |     8 ||    62
       Rpst.: Long sword |    16 |     1 ||    17
